 Dungeon Crawl Stone Soup version 0.21.1-1-g345015fe64 (webtiles) character file.

2477 Nordon the Cleaver (level 9, -5/65 HPs)
             Began as a Demonspawn Fighter on May 8, 2018.
             Was a Believer of Okawaru.
             Slain by Freyura's ghost (9 damage)
             ... on level 8 of the Dungeon.
             The game lasted 00:20:51 (7043 turns).

Nordon the Cleaver (Demonspawn Fighter)             Turns: 7043, Time: 00:20:51

Health: -5/65      AC: 16    Str: 17    XL:     9   Next: 27%
Magic:  9/9        EV:  5    Int: 12    God:    Okawaru [**....]
Gold:   379        SH:  9    Dex: 15    Spells: 8/8 levels left

rFire    + . .     SeeInvis .   d - +0 hand axe (freeze)
rCold    x . .     Gourm    .   c - +0 shield
rNeg     . . .     Faith    .   v - +0 plate armour
rPois    .         Spirit   .   h - +0 helmet
rElec    .         Reflect  .   x - +0 cloak
rCorr    .         Harm     .   r - +0 pair of gloves
MR       .....                  (boots unavailable)
Stlth    ..........             g - amulet of regeneration
HPRegen  2.60/turn              F - ring of fire
MPRegen  0.11/turn              X - +2 ring of dexterity

@: lethally poisoned (-5 -> -6), very slightly contaminated
A: talons 3, repulsion field 1, nightstalker 1, powered by death 1
a: Heroism, Renounce Religion


You were on level 8 of the Dungeon.
You worshipped Okawaru.
Okawaru was pleased with you.
You were not hungry.

You visited 2 branches of the dungeon, and saw 9 of its levels.
You also visited: Sewer.

You collected 379 gold pieces.


Innate Abilities, Weirdness & Mutations

You have claws for feet.
You are surrounded by a mild repulsion field. (EV +2)
You are slightly more attuned to the shadows.
You regenerate a little health from kills.


   Skills:
 + Level 4.3 Fighting
 * Level 9.9 Axes
 + Level 6.0 Armour
 - Level 2.6 Shields


You had 8 spell levels left.
You didn't know any spells.

Inventory:

Hand Weapons
 a - a +1 war axe
 d - a +0 hand axe of freezing (weapon)
 n - a +0 blowgun {@w1}
 s - the +0 rapier of a bailey {elec, rPois}
   (You found it on level 5 of the Dungeon)

   Occasionally, upon striking a foe, it will discharge some electrical energy
   and cause terrible harm.
   It protects you from poison.
Missiles
 o - 47 poisoned needles
Armour
 b - a +0 scale mail
 c - a +0 shield (worn)
 h - a +0 helmet (worn)
 i - a +0 chain mail
 r - a +0 pair of gloves (worn)
 v - a +0 plate armour (worn)
 x - a +0 cloak (worn)
Magical Staves
 z - an uncursed staff of earth
Jewellery
 g - an amulet of regeneration (around neck)
 t - an uncursed ring of teleportation
 F - a ring of fire (left hand)
 X - a +2 ring of dexterity (right hand)
Wands
 e - a wand of enslavement (16)
 p - a wand of paralysis (12)
 y - a wand of digging (6)
Scrolls
 j - 2 scrolls of amnesia
 m - 2 scrolls of enchant weapon
 q - a scroll of fog
 u - a scroll of blinking
 w - 3 scrolls of identify {@r1}
Potions
 l - 2 potions of resistance
Comestibles
 f - 11 rations {@e1}
 A - 4 chunks of flesh

Dungeon Overview and Level Annotations

Branches:
Dungeon (8/15)             Temple (1/1) D:7            Lair (0/6) D:8

Altars:
Ashenzari
Cheibriados
Dithmenos
Elyvilon
Fedhas
Gozag
Hepliaklqana
Kikubaaqudgha
Makhleb
Nemelex Xobeh
Okawaru
Qazlal
Ru
Sif Muna
Trog
Uskayaw
Vehumet
Xom
Yredelemnul
Zin
The Shining One

Shops:
D:4 *

Annotations:
D:4 Gearwhore's ghost, novice HuBe
D:8 Freyura's ghost, novice VSFi

#.############g####.##.#.##
#.l(...oW÷)))...oo..# .W..####
####§########.#oo..####.......
#.# #o.o##..o.........# #.##
##.#)##..#..##.....# #..#
#..#o#...##.......... ##.#
#÷##g#.####.##.....).
#.####.##W## #..###...##
#.##...##@## ##.## #....
#.##.####..# #..## .... #....#
##.## ##..##.... ##..## #...#
##<...... #...# #...# ###.....
#.#.# #...# #.... #.#.# #...#
.... ..#.# #...# ... #.##.#
#...# ..


You could see Freyura's ghost, a gnoll and 2 orcs.


Message History

Okawaru accepts your kill.
You feel sick.
Freyura's ghost hits you but does no damage.
Evoke which item? (* to show all) (? for menu, Esc to quit)
Aiming: Corrosive Bolt
Press: ? - help, Shift-Dir - straight line, f/p - Freyura's ghost
Aim: Freyura's ghost (heavily damaged, covered in acid)
The bolt of acid misses Freyura's ghost.
The bolt of acid hits the komodo dragon.
The komodo dragon is splashed with acid.
The komodo dragon is almost dead.
The bolt of acid misses the gnoll.
You feel sick. Freyura's ghost hits you.
* * * LOW HITPOINT WARNING * * *
Unknown command.
Evoke which item? (* to show all) (? for menu, Esc to quit)
Aiming: Corrosive Bolt
Press: ? - help, Shift-Dir - straight line, f/p - Freyura's ghost
Aim: Freyura's ghost (heavily damaged, covered in acid)
The bolt of acid hits Freyura's ghost.
Freyura's ghost is splashed with acid.
The acid corrodes Freyura's ghost!
Freyura's ghost is severely damaged.
The bolt of acid hits the komodo dragon.
The komodo dragon is splashed with acid.
You kill the komodo dragon!
Okawaru is honoured by your kill.
Your Armour skill increases to level 6!
The bolt of acid hits the gnoll.
The gnoll is splashed with acid.
The gnoll is severely wounded.
The now-empty wand crumbles to dust.
You feel sick. Freyura's ghost hits you!
You die...

Skill      XL: |  1  2  3  4  5  6  7  8  9 |
---------------+----------------------------+-----
Axes           | 2 3 4 5 6 8 9 |  9.9
Armour         | 3 4 5 6 |  6.0
Fighting       | 4 |  4.3
Shields        | |  2.6

Action                   |  1- 3 |  4- 6 |  7- 9 || total
-------------------------+-------+-------+-------++-------
Melee: War axe           |   110 |     3 |       ||   113
       Hand axe          |       |   244 |   266 ||   510
       Kick              |       |    56 |    77 ||   133
Evoke: Wand              |       |       |    11 ||    11
  Use: Scroll            |     3 |     7 |     3 ||    13
       Potion            |     1 |     1 |     4 ||     6
 Stab: Paralysed         |       |       |     4 ||     4
  Eat: Chunk             |     4 |     5 |     8 ||    17
       Ration            |       |     1 |       ||     1
Armor: Scale mail        |    19 |       |       ||    19
       Chain mail        |    54 |    68 |       ||   122
       Skin              |       |     6 |    28 ||    34
       Plate armour      |       |    40 |   153 ||   193
Dodge: Dodged            |    37 |    38 |    40 ||   115
Block: Shield            |    72 |    85 |   117 ||   274

Vault maps used:
D:1:      minmay_arrival_nine_rooms
D:2:      kennysheep_another_room, lemuel_flame_loot_1
D:3:      cheibrodos_sewer_entry_bend, chequers_ecumenical_altar_simple_redux,
          first_ration
D:4:      nicolae_alphabet_shops
D:6:      uniq_blork_the_orc
D:7:      minmay_klotski, minmay_temple_entry_trees, uniq_crazy_yiuf_cottage
D:8:      lemuel_crystal_altar, david_lair_shrubbed, hangedman_ranch
Temple:   nicolae_temple_the_god_donut
Sewer:    sewer_the_crocodile

Notes
Turn   | Place    | Note
-------+----------+-------------------------------------------
     0 | D:1      | Nordon the Demonspawn Fighter began the quest for the Orb.
     0 | D:1      | Reached XP level 1. HP: 18/18 MP: 1/1
    59 | D:1      | Reached skill level 2 in Axes
   457 | D:1      | Gained mutation: You are surrounded by a mild repulsion field. (EV +2) [demonic ancestry]
   457 | D:1      | Reached XP level 2. HP: 24/24 MP: 2/2
   726 | D:2      | Reached skill level 3 in Axes
   825 | D:2      | Reached XP level 3. HP: 27/29 MP: 3/3
  1449 | D:2      | HP: 1/29 [something (13)]
  2332 | D:3      | Reached skill level 4 in Axes
  2332 | D:3      | Gained mutation: You are slightly more attuned to the shadows. [demonic ancestry]
  2332 | D:3      | Reached XP level 4. HP: 12/35 MP: 4/4
  2690 | D:3      | Gained mutation: You have sharp toenails. [demonic ancestry]
  2690 | D:3      | Reached XP level 5. HP: 33/41 MP: 5/5
  2715 | D:3      | Reached skill level 5 in Axes
  2954 | D:3      | Found a glowing drain.
  2962 | Sewer    | Entered a sewer
  3113 | Sewer    | Noticed a crocodile
  3154 | Sewer    | Killed a crocodile
  3154 | Sewer    | Reached XP level 6. HP: 47/47 MP: 6/6
  3406 | D:3      | Found a faded altar of an unknown god.
  3420 | D:3      | Reached skill level 6 in Axes
  3978 | D:4      | Found Naka's Needful Niceties.
  3988 | D:4      | Noticed a hungry ghost
  4099 | D:4      | Noticed Gearwhore's ghost (novice HuBe)
  4235 | D:5      | Entered Level 5 of the Dungeon
  4352 | D:5      | Got a steaming rapier
  4353 | D:5      | Identified the +0 rapier of a bailey {elec, rPois} (You found it on level 5 of the Dungeon)
  4539 | D:5      | Identified 2 potions of resistance
  4889 | D:5      | Reached skill level 3 in Armour
  5118 | D:6      | Noticed a sky beast
  5126 | D:5      | Gained mutation: You regenerate a little health from kills. [demonic ancestry]
  5126 | D:5      | Reached XP level 7. HP: 51/52 MP: 7/7
  5266 | D:6      | Noticed Blork the orc
  5300 | D:5      | Killed Blork the orc
  5329 | D:5      | Reached skill level 7 in Axes
  5927 | D:7      | Found a staircase to the Ecumenical Temple.
  5951 | Temple   | Entered the Ecumenical Temple
  6013 | Temple   | Became a worshipper of Warmaster Okawaru
  6027 | D:7      | Reached skill level 4 in Armour
  6165 | D:7      | Reached skill level 8 in Axes
  6165 | D:7      | Gained mutation: You have razor-sharp toenails. [demonic ancestry]
  6165 | D:7      | Reached XP level 8. HP: 52/58 MP: 8/8
  6196 | D:7      | Reached * piety under Okawaru
  6290 | D:7      | Found a runed door.
  6294 | D:7      | Noticed Crazy Yiuf
  6302 | D:7      | Killed Crazy Yiuf
  6407 | D:7      | Reached skill level 5 in Armour
  6409 | D:7      | Got an obsidian-encrusted scale mail
  6420 | D:7      | Identified the +5 scale mail "Zeyrph" {rC- Regen+ Int+4} (You found it on level 7 of the Dungeon)
  6581 | D:7      | Reached skill level 9 in Axes
  6733 | D:8      | Reached ** piety under Okawaru
  6746 | D:8      | Noticed Freyura's ghost (novice VSFi)
  6922 | D:8      | Gained mutation: You have claws for feet. [demonic ancestry]
  6922 | D:8      | Reached XP level 9. HP: 65/65 MP: 9/9
  7005 | D:8      | Noticed a komodo dragon
  7007 | D:8      | Found a staircase to the Lair.
  7038 | D:8      | Reached skill level 4 in Fighting
  7042 | D:8      | HP: 2/65 [Freyura's ghost (5)]
  7043 | D:8      | Killed a komodo dragon
  7043 | D:8      | Reached skill level 6 in Armour
  7043 | D:8      | Slain by Freyura's ghost

Vanquished Creatures
  A centaur skeleton (D:8)
  A komodo dragon (D:8)
  A water moccasin (D:8)
  An orc warrior (D:8)
  A sky beast (D:5)
  2 phantoms
  2 ogres (D:7)
  A crocodile (Sewer)
  3 centaurs (D:7)
  A big kobold (D:7)
  Blork the orc (D:5)
  A gnoll sergeant (D:8)
  A water moccasin zombie (D:5)
  A scorpion (D:7)
  A crimson imp (D:5)
  A quasit (D:7)
  A bullfrog skeleton (D:3)
  2 jellies
  3 orc wizards
  Crazy Yiuf (D:7)
  2 orc priests (D:3)
  5 iguanas
  A worker ant (D:4)
  A hound zombie (D:7)
  A worker ant zombie (D:7)
  9 adders
  2 gnolls (D:8)
  An adder zombie (D:6)
  An adder skeleton (D:7)
  2 worms (D:3)
  A dart slug (D:1)
  5 leopard geckos
  17 orcs
  A ball python (D:2)
  8 giant cockroaches
  3 goblins
  7 hobgoblins
  5 jackals
  3 quokkas
  8 bats
  A frilled lizard (D:2)
  9 kobolds
  A leopard gecko skeleton (D:8)
  A quokka zombie (D:7)
  6 rats
128 creatures vanquished.

Vanquished Creatures (others)
  A worm (D:2)
  3 plants (D:8)
4 creatures vanquished.

Grand Total: 132 creatures vanquished

Table legend:
 A = Turns spent in this place as a percentage of turns spent in the entire game.
 B = Non-inter-level travel turns spent in this place as a percentage of non-inter-level travel turns spent in the entire game.
 C = Inter-level travel turns spent in this place as a percentage of turns spent in this place.
 D = Turns resting spent in this place as a percentage of non-inter-level travel turns spent in this place.
 E = Turns spent auto-exploring this place as a percentage of non-inter-level travel turns spent in this place.
 F = Non-inter-level travel turns spent in this place divided by the number of levels of this place that you've seen.
                   A       B       C       D       E      F
               +-------+-------+-------+-------+-------+----------------------
         Total | 100.0 | 100.0 |   6.1 |  26.0 |  48.8 | 661.1
       Dungeon |  94.9 |  94.8 |   6.3 |  25.2 |  50.4 | 783.1
        Temple |   1.0 |   0.9 |  14.9 |   0.0 |   0.0 |  57.0
         Sewer |   4.1 |   4.4 |   0.0 |  48.8 |  23.2 | 289.0
               +-------+-------+-------+-------+-------+----------------------

Table legend:
 A = Spawn XP
 B = Non-spawn XP
 C = Spawn XP percentage of total XP
 D = Spawn monster count
 E = Non-spawn monster count
 F = Spawn count percentage of total count
 G = Total turns spent on level
                    A         B        C        D         E        F      G
               +---------+---------+-------+---------+---------+-------+---------
         Total |       0 |    3539 |   0.0 |       0 |     128 |   0.0 |  7043
               +---------+---------+-------+---------+---------+-------+---------
           D:1 |       0 |      18 |   0.0 |       0 |      11 |   0.0 |   713
           D:2 |       0 |      68 |   0.0 |       0 |      20 |   0.0 |  1608
           D:3 |       0 |     282 |   0.0 |       0 |      32 |   0.0 |  1247
           D:4 |       0 |      37 |   0.0 |       0 |       2 |   0.0 |   378
           D:5 |       0 |     436 |   0.0 |       0 |       9 |   0.0 |  1248
           D:6 |       0 |     190 |   0.0 |       0 |       6 |   0.0 |   444
           D:7 |       0 |    1108 |   0.0 |       0 |      25 |   0.0 |   824
           D:8 |       0 |    1286 |   0.0 |       0 |      17 |   0.0 |   225
         Sewer |       0 |     114 |   0.0 |       0 |       6 |   0.0 |   289
               +---------+---------+-------+---------+---------+-------+---------
